 Dungeon Crawl Stone Soup version 0.30-a0-58-gc0703345a7 (webtiles) character file.

Game seed: 3585415996219362689

82 flotson the Sneak (level 4, -3/35 HPs)
             Began as a Demonspawn Delver on Sept 11, 2022.
             Killed by nerve-wracking pain
             ... invoked by a shadow imp
             ... summoned by Natasha
              (10 damage)
             ... on level 2 of the Dungeon.
             The game lasted 00:02:18 (1365 turns).

flotson the Sneak (Demonspawn Delver)               Turns: 1365, Time: 00:02:19

Health: -3/35      AC: 11    Str: 14    XL:     4   Next: 21%
Magic:  4/4        EV: 11    Int: 12    God:
Gold:   39         SH:  4    Dex: 14    Spells: 3/3 levels left

rFire   . . .      SeeInvis .    i - +0 trident
rCold   + + +      Faith    .    (no shield)
rNeg    . . .      Spirit   .    h - +6 ring mail "Asaefus" {rC++}
rPois   .          Reflect  .    (helmet restricted)
rElec   .          Harm     .    (no cloak)
rCorr   .          Rampage  .    (no gloves)
Will    .....                    (no boots)
Stlth   ++........               (no amulet)
HPRegen 0.11/turn                b - ring of protection from cold
MPRegen 0.09/turn                (no ring)

@: no status effects
A: horns 1, large bone plates 1, demonic magic 1
a: no special abilities


You were on level 2 of the Dungeon.
You visited 1 branch of the dungeon, and saw 5 of its levels.

You collected 39 gold pieces.

Inventory:

Hand Weapons
 a - a +0 hand axe
 i - a +0 trident (weapon)
Armour
 h - the +6 ring mail "Asaefus" (worn) {rC++}
   (You found it on level 5 of the Dungeon)

   rC:        It greatly protects you from cold.
 m - a +0 chain mail of poison resistance
Jewellery
 b - a ring of protection from cold (left hand)
Wands
 g - a wand of digging (3)
Scrolls
 c - a scroll of fog
 d - a scroll of magic mapping
 e - a scroll of fear
 j - 2 scrolls of identify {unknown}
 o - 2 scrolls of poison {unknown}
Potions
 f - 3 potions of haste
 k - a potion of degeneration {unknown}
 l - a potion of curing {unknown}
 n - a potion of flight {unknown}


   Skills:
 + Level 3.5 Fighting
 + Level 2.3 Axes
 + Level 1.3 Armour
 + Level 2.3 Dodging
 - Level 4.5 Stealth
 + Level 1.5 Evocations


You had 3 spell levels left.
You didn't know any spells.
Your spell library was empty.

Dungeon Overview and Level Annotations

Branches:
Dungeon (5/15)
 Temple: D:4-7

Altars:
Cheibriados

Annotations:
D:2 Natasha, Sigmund


Innate Abilities, Weirdness & Mutations

You have a pair of small horns on your head.
You are partially covered in large bone plates. (SH +4)
Spells you cast may paralyse adjacent enemies.


Message History

You hit Natasha but do no damage. You headbutt Natasha.
Natasha is moderately wounded.
The shadow imp barely misses you. You block Natasha's attack.
The shadow imp gestures at you. Pain shoots through your body!
You hit Natasha but do no damage.
Natasha is moderately wounded.
Natasha stares at you and mumbles some strange words.
The magic dart hits you but does no damage.
The shadow imp hits you but does no damage.
You hit Natasha.
Natasha is heavily wounded.
Natasha claws you. The shadow imp closely misses you. Natasha claws you!
You are too injured to fight recklessly!
You are too injured to fight recklessly!
You are too injured to fight recklessly!
You are too injured to fight recklessly!
You are too injured to fight recklessly!
Unknown command.
You barely miss Natasha. Your headbutt misses Natasha.
Natasha is heavily wounded.
The shadow imp barely misses you. Natasha casts a spell at you.
The magic dart hits you. The shadow imp hits you.
You barely miss Natasha.
Natasha is heavily wounded.
Natasha stares at you and mumbles some strange words.
You resist with some effort.
The shadow imp hits you but does no damage.
You hit Natasha. You headbutt Natasha.
Natasha is severely wounded.
Natasha claws you.
The shadow imp hits you but does no damage.
You closely miss Natasha. Your headbutt misses Natasha.
Natasha is severely wounded.
Natasha claws you.
* * * LOW HITPOINT WARNING * * *
The shadow imp gestures at you. Pain shoots through your body!
You die...

#### ##
########## ...# #
##.##..5.....#
...#
#.#.#...@h5.#
...#
##.##.##.###.#
...# ##...#.##.#
...# #......##..
...# ##...#.#####
...# ##.#...##
.########......##
................#
.########......##


You could see Natasha, a white imp (summoned) and a shadow imp (summoned).

Vanquished Creatures
  An orc wizard (D:4)
  A gnoll (D:2)
  2 orcs (D:4)
  2 endoplasms
  2 giant cockroaches
  4 goblins (D:1)
  3 hobgoblins
  9 jackals
  2 quokkas (D:1)
  5 ball pythons
  2 bats (D:2)
  2 frilled lizards
  A kobold (D:1)
  5 rats
41 creatures vanquished.

Vanquished Creatures (others)
  A plant (D:3)
1 creature vanquished.

Grand Total: 42 creatures vanquished

Notes
Turn   | Place    | Note
-------+----------+-------------------------------------------
     0 | D:5      | flotson the Demonspawn Delver began the quest for the Orb.
     0 | D:5      | Reached XP level 1. HP: 18/18 MP: 1/1
    16 | D:5      | Identified the +6 ring mail "Asaefus" {rC++}
    60 | D:4      | Found a snail-covered altar of Cheibriados.
    60 | D:4      | Noticed an orc wizard
   106 | D:4      | Killed an orc wizard
   107 | D:4      | Reached skill level 1 in Evocations
   107 | D:4      | Gained mutation: You have a pair of small horns on your
                  | head. [demonic ancestry]
   107 | D:4      | Reached XP level 2. HP: 3/24 MP: 2/2
   107 | D:4      | Gained mutation: Spells you cast may paralyse adjacent
                  | enemies. [demonic ancestry]
   107 | D:4      | Reached XP level 3. HP: 4/29 MP: 3/3
   425 | D:2      | Reached skill level 1 in Armour
   546 | D:2      | Noticed Sigmund
   851 | D:1      | Gained mutation: You are partially covered in large bone
                  | plates. (SH +4) [demonic ancestry]
   851 | D:1      | Reached XP level 4. HP: 35/35 MP: 4/4
  1064 | D:1      | Found a faded altar of an unknown god.
  1350 | D:2      | Noticed Natasha
  1365 | D:2      | Killed from afar by a shadow imp

Illustrated notes

Levels and vault maps discovered:
D:1:      dpeg_arrival_water_temple_mockup, layout_rooms,
          ebering_ecumenical_altar_sacrificial
D:2:      layout_loops_corners, serial_shops, nicolae_shop_overgrown_old_shop,
          serial_glass, glass_columns_b, glass_columns_a,
          hangedman_decor_diamond_cutter, uniq_sigmund, uniq_natasha
D:3:      layout_rooms, nicolae_qazlal_general_emergency,
          mainiacjoe_overflow_alcove_2, serial_shops, shop,
          hangedman_abyss_or_decor_stabs, st_stairs_5, serial_bayou_lagoon_b
D:4:      layout_loops_corners, mainiacjoe_overflow_tiny_flanked,
          grunt_temple_overflow_open, minmay_temple_entry_slanted
D:5:      layout_layer_cave, mainiacjoe_overflow_small_starburst,
          minmay_crystal_water

Skill      XL: |  1  2  3 |
---------------+----------+-----
Axes           | 2 |  2.3
Dodging        | 2 |  2.3
Evocations     | 1 |  1.5
Armour         | 1 |  1.3
Fighting       | |  3.5
Stealth        | |  4.5

Action                   |  1- 3 |  4- 6 || total
-------------------------+-------+-------++-------
Melee: Hand axe          |    53 |       ||    53
       Trident           |    41 |    47 ||    88
       Headbutt          |    15 |     6 ||    21
       Punch             |     2 |       ||     2
 Stab: Sleeping          |     4 |     1 ||     5
       Distracted        |     1 |       ||     1
Armor: Ring mail         |    64 |    17 ||    81
Dodge: Dodged            |    47 |    32 ||    79
Block: Other             |       |     7 ||     7

Table legend: (Time is in decaauts)
 A = Elapsed time spent in this place.
 B = Non-inter-level travel time spent in this place.
 C = Inter-level travel time spent in this place.
 D = Time resting spent in this place.
 E = Time spent auto-exploring this place.
 F = Levels seen in this place.
 G = Mean time per level.
                   A        B        C        D        E       F      G
               +--------+--------+--------+--------+--------+-----+--------+
         Total |   1396 |   1365 |     31 |      0 |    976 |   5 |  279.2 |
       Dungeon |   1396 |   1365 |     31 |      0 |    976 |   5 |  279.2 |
               +--------+--------+--------+--------+--------+-----+--------+

Top non-repeatable levels by time:
     D:1: 659 daAuts
     D:4: 360 daAuts
     D:2: 323 daAuts
     D:5: 45 daAuts
     D:3: 7 daAuts
